 Dungeon Crawl Stone Soup version 0.13-a0-1585-g6f4f798 (webtiles) character file.

60 Kae the Caller (level 1, -1/13 HPs)
             Began as a Mummy Summoner on June 13, 2013.
             Slain by a jackal (2 damage)
             ... on Level 1 of the Dungeon.
             The game lasted 00:01:35 (837 turns).

Kae the Caller (Mummy Summoner)                      Turns: 837, Time: 00:01:35

HP  -1/13        AC  3     Str 11      XL: 1   Next: 83%
MP   3/3         EV 12     Int 14      God:
Gold 53          SH  0     Dex 12      Spells:  1 memorised,  1 level left

Res.Fire  : x . .   See Invis. : .   g - +1 orc dagger
Res.Cold  : + . .   Warding    : .   a - +0 robe
Life Prot.: + + +   Conserve   : .   (no shield)
Res.Poison: +       Res.Corr.  : .   (no helmet)
Res.Elec. : .       Clarity    : .   (no cloak)
Sust.Abil.: . .     Spirit.Shd : .   h - +0 pair of gloves
Res.Mut.  : .       Stasis     : .   (no boots)
Res.Rott. : +       Flight     : .   (no amulet)
Saprovore : . . .                    (no ring)
                                     i - ring of flight

@: not resistant to hostile enchantments, unstealthy
A: no food or potions, fire vulnerability, restore body, cold resistance 1, life
protection 3, poison resistance, torment resistance, unbreathing
a: Evoke Flight


You were on level 1 of the Dungeon.
You were not hungry.

You visited 1 branch of the dungeon, and saw 2 of its levels.

You collected 33 gold pieces.

Inventory:

Hand weapons
 g - a +1,+1 orcish dagger (weapon)
Armour
 a - a +0 robe (worn)
 h - a +0 pair of gloves (worn)
Scrolls
 c - a scroll of enchant armour {unknown}
 d - a scroll of enchant weapon I {unknown}
 e - a scroll of teleportation {unknown}
 f - a scroll of curse jewellery {unknown}
Jewellery
 i - a ring of flight (left hand)
Books
 b - a book of Callings

   Spells                             Type                      Level
   *Summon Small Mammal               Summoning                    1
   Call Imp                           Summoning                    2
   Call Canine Familiar               Summoning                    3
   Summon Scorpions                   Summoning/Poison             4
   Summon Ice Beast                   Ice/Summoning                4


   Skills:
 - Level 1.5 Dodging
 - Level 1.5 Stealth
 + Level 1.1 Spellcasting
 * Level 3.5 Summonings


You had one spell level left.
You knew the following spells:

 Your Spells              Type           Power        Failure   Level  Hunger
a - Summon Small Mammal   Summ           ##..         10%         1    N/A

Dungeon Overview and Level Annotations

Branches:
Dungeon (2/27)

Altars:


Innate Abilities, Weirdness & Mutations

You do not eat or drink.
Your flesh is vulnerable to fire.
Your flesh is cold resistant.
You are immune to negative energy.
Your system is resistant to poisons.
You are immune to unholy pain and torment.
You can survive without breathing.


Message History

The jackal misses you.
You hit the bat but do no damage.
The bat is severely wounded.
The bat completely misses you. The jackal barely misses you.
The jackal bites you but does no damage.
The bat hits you but does no damage. The jackal closely misses you.
The jackal bites you.
* * * LOW HITPOINT WARNING * * *
The jackal barely misses you. What do you say? t - Shout!
Orders for allies: a - Attack new target. r - Retreat! s - Stop attacking. w - Wait here. f - Follow me.
Anything else - Stay silent.
You shout for attention!
The bat closely misses you. The bat hits you.
* * * LOW HITPOINT WARNING * * *
The jackal closely misses you. The jackal bites you.
You die...

.##.#.#..#.##....##....##(#.#.#
b##.#.##.#.##..#.##.......#.#.#
.##.#....#.##..#.....######.#.#
.##.######.##..###..#######%#.#
...............# #..........#.###
...########....###..######.......
##.# #.#.......!...# #....##. #.#
#.#.####.####.# ###.#####.
##.####.#.#....h@b..# #...# #.
..........%....h########+#.# #.
#######............+.....#.# #.
........#!#.##.#####.###.#.# #.
#######.#.#.##.# #.###.#.## #.
#.#.#.##.# ###.###.#[.# #.
#######.#.#.##.# #.#.....'..# #.
......#.#.#.##.###.#'#####..# #.
#####.#..............######## #.


You could see 2 jackals and a bat.

Vanquished Creatures
  A ball python (D:1)
  2 bats (D:1)
  2 giant newts (D:1)
5 creatures vanquished.

Vanquished Creatures (collateral kills)
  A goblin (D:1)
  A jackal (D:1)
  A kobold (D:1)
3 creatures vanquished.

Vanquished Creatures (others)
  2 bats (D:1)
  2 rats (D:1)
4 creatures vanquished.

Grand Total: 12 creatures vanquished

Notes
Turn   | Place    | Note
--------------------------------------------------------------
     0 | D:1      | Kae, the Mummy Summoner, began the quest for the Orb.
     0 | D:1      | Reached XP level 1. HP: 13/13 MP: 3/3
   837 | D:1      | Slain by a jackal

Action                   || total
-------------------------++-------
Melee: Dagger            ||    27
       Unarmed           ||    22
 Cast: Summon Small Mamm ||     9
